 Dungeon Crawl Stone Soup version 0.32-a0-656-g3542139ebd (webtiles) character file.

Game seed: 4926908553548571064

717 kae the Carver (level 7, -1/50 HPs)
             Began as a Coglin Gladiator on Mar 8, 2024.
             Slain by a hound skeleton (4 damage)
             ... on level 5 of the Dungeon.
             The game lasted 00:04:09 (3784 turns).

kae the Carver (Coglin Gladiator)                   Turns: 3784, Time: 00:04:09

Health: -1/50      AC: -7    Str: 14    XL:     7   Next: 70%
Magic:  7/7        EV: 12    Int:  7    God:
Gold:   241        SH:  0    Dex: 18    Spells: 6/6 levels left

rFire   . . .        a - +0 long sword {Takurtum}
rCold   . . .        f - +0 dagger {Tlaloc}
rNeg    . . .        b - +0 leather armour
rPois   .            c - +1 helmet
rElec   .            (no cloak)
rCorr   .            (no gloves)
SInv    .            (no boots)
Will    .....        (amulet unavailable)
Stlth   +            (ring unavailable)
HPRegen 0.28/turn    (ring unavailable)
MPRegen 0.10/turn    (no gizmo)

%: no passive effects
@: corroded, revved
A: off-hand wielding, slow wielding, warmup strikes, no jewellery
a: Invent Gizmo


You were on level 5 of the Dungeon.
You visited 2 branches of the dungeon, and saw 6 of its levels.

You collected 241 gold pieces.


Innate Abilities, Weirdness & Mutations

You can wield a second weapon in your off-hand.
It takes a long time for you to wield or remove held weapons.
Your first few attacks do less damage.
You cannot equip rings or amulets.


   Skills:
 - Level 2.0 Fighting
 + Level 8.8 Long Blades
 - Level 1.7 Throwing
 - Level 2.6 Dodging


You had 6 spell levels left.
You didn't know any spells.
Your spell library contained the following spells:

 Spells                   Type           Power      Damage    Failure   Level
 Call Canine Familiar     Summ           0%         N/A       87%         3
 Sigil of Binding         Hex            0%         N/A       87%         3
 Dimensional Bullseye     Hex/Tloc       0%         N/A       99%         4

Inventory:

Hand Weapons
 a - a +0 long sword (weapon) {Takurtum}
 f - a +0 dagger (offhand) {Tlaloc}
Missiles
 d - 3 throwing nets (quivered) {=f!f}
 e - a javelin
 g - 21 stones
 j - 2 datura-tipped darts
 q - 8 poisoned darts
Armour
 b - a +0 leather armour (worn)
 c - a +1 helmet (worn)
Magical Staves
 l - a staff of earth {!a}
   (You found it on level 3 of the Dungeon)
Jewellery
 P - a ring of poison resistance
   (You found it on level 2 of the Dungeon)
 S - a +6 ring of strength
   (You found it on level 4 of the Dungeon)
 W - a ring of magical power
   (You found it on level 2 of the Dungeon)
 Z - a ring of wizardry
   (You found it on level 4 of the Dungeon)
Scrolls
 p - a scroll of fog
 s - a scroll of blinking {!r}
Potions
 h - a potion of mutation {unknown}
 i - 2 potions of enlightenment
 k - a potion of lignification {!q}
 m - a potion of curing {@q1}
 n - a potion of might
 o - a potion of brilliance

Dungeon Overview and Level Annotations

Branches:
Dungeon (5/15) Zot: 26226  Temple (1/1) D:4 Zot: 5998

Altars:
Ashenzari
Dithmenos
Elyvilon
Fedhas
Hepliaklqana
Makhleb
Qazlal
Ru
Sif Muna
Uskayaw
Vehumet
Wu Jian
Xom
Zin
The Shining One

... ...# ###
.... #..# .....
#..# .....#
#..#
......###..#
........<.##
...........#
......Z@...#
.......JZ...#
..?.......(.#
..........(....
...............
...............
...............
#...[....###..#


You could see a jelly, a hound skeleton and a centaur skeleton.


Message History

As you read the scroll of identify {@r1}, it crumbles to dust.
o - a potion of brilliance You can't wear jewellery.
Unknown command.
Okay, then.
Done exploring.
Done exploring.
There is a stone staircase leading down here.
You climb downwards.
There is a stone staircase leading up here.
There are monsters nearby!
There are monsters nearby!
There are monsters nearby!
There are monsters nearby!
A hound skeleton comes into view.
The jelly quivers.
The bullfrog zombie completely misses you.
There are monsters nearby!
There are monsters nearby!
You barely miss the bullfrog zombie with your +0 dagger.
You hit the bullfrog zombie with your +0 long sword.
The bullfrog zombie hits you.
The centaur skeleton completely misses you.
The centaur skeleton kicks you but does no damage.
You barely miss the bullfrog zombie with your +0 long sword.
You hit the bullfrog zombie with your +0 dagger.
The centaur skeleton hits you. The centaur skeleton barely misses you.
The bullfrog zombie closely misses you. The centaur skeleton hits you.
The centaur skeleton closely misses you. 😕 HP[-5]
You take 5 damage, and now have 45/50 hp.
You barely miss the bullfrog zombie with your +0 dagger.
You completely miss the bullfrog zombie with your +0 long sword.
The bullfrog zombie barely misses you. The bullfrog zombie hits you.
You slash the bullfrog zombie with your +0 long sword!
You barely miss the bullfrog zombie with your +0 dagger.
The bullfrog zombie hits you but does no damage. 😕 HP[-1]
You take 1 damage, and now have 44/50 hp.
You hit the bullfrog zombie with your +0 dagger.
You hit the bullfrog zombie with your +0 long sword.
The jelly closely misses you.
The hound skeleton bites you but does no damage.
The bullfrog zombie hits you.
You hit the bullfrog zombie but do no damage.
You slash the bullfrog zombie with your +0 long sword!
The centaur skeleton hits you but does no damage.
The centaur skeleton kicks you but does no damage.
The hound skeleton barely misses you. The bullfrog zombie barely misses you.
The jelly closely misses you. 😕 HP[-3]
You take 3 damage, and now have 41/50 hp.
You slash the bullfrog zombie with your +0 long sword!
You destroy the bullfrog zombie!
The centaur skeleton hits you but does no damage.
The centaur skeleton barely misses you. The hound skeleton closely misses you.
The jelly barely misses you.
You hit the jelly with your +0 dagger. The acid corrodes you!
Your graspers burn!
You completely miss the jelly with your +0 long sword.
The centaur skeleton hits you.
The centaur skeleton kicks you but does no damage.
The hound skeleton closely misses you. The jelly barely misses you. 😮 HP[-9]
You take 9 damage, and now have 32/50 hp.
You are too injured to fight recklessly!
You are too injured to fight recklessly!
You are too injured to fight recklessly!
You are too injured to fight recklessly!
You hit the jelly but do no damage. The acid corrodes you!
Your graspers burn!
You hit the jelly but do no damage. The acid corrodes you!
Your graspers burn!
The centaur skeleton hits you.
* * * LOW HITPOINT WARNING * * *
The centaur skeleton kicks you.
* * * LOW HITPOINT WARNING * * *
The hound skeleton bites you.
* * * LOW HITPOINT WARNING * * *
You are too injured to fight recklessly!
You are too injured to fight recklessly! 😨 HP[-13]
You take 13 damage, and now have 19/50 hp.
MASSIVE DAMAGE!! (PAUSE)
You hit the jelly but do no damage.
Your graspers burn!
* * * LOW HITPOINT WARNING * * *
You hit the jelly with your +0 long sword.
Your graspers burn!
* * * LOW HITPOINT WARNING * * *
The centaur skeleton barely misses you. The centaur skeleton kicks you.
* * * LOW HITPOINT WARNING * * *
The hound skeleton closely misses you. The jelly barely misses you.
The centaur skeleton hits you.
* * * LOW HITPOINT WARNING * * *
The centaur skeleton kicks you.
* * * LOW HITPOINT WARNING * * *
You hit the jelly but do no damage.
Your graspers burn!
* * * LOW HITPOINT WARNING * * *
You hit the jelly but do no damage.
Your graspers burn!
* * * LOW HITPOINT WARNING * * *
The hound skeleton bites you.
You die...

Skill      XL: |  1  2  3  4  5  6 |
---------------+-------------------+-----
Long Blades    | 4 6 8 |  8.8
Fighting       | |  2.0
Throwing       | |  1.7
Dodging        | |  2.6

Action                     |  1- 3 |  4- 6 |  7- 9 || total
---------------------------+-------+-------+-------++-------
  Melee: Long sword        |    66 |   325 |    37 ||   428
         Dagger            |    59 |   310 |    36 ||   405
    Use: Scroll            |     1 |    11 |     2 ||    14
         Potion            |       |     1 |       ||     1
   Stab: Sleeping          |     4 |     3 |     2 ||     9
         Distracted        |       |     1 |       ||     1
 Armour: Leather armour    |    49 |    43 |    32 ||   124
         Skin              |       |     3 |       ||     3
  Dodge: Dodged            |    45 |    65 |    35 ||   145

Levels and vault maps discovered:
D:1:      dpeg_arrival_pond, layout_loops_ring, minmay_misc_feat_ornament
D:2:      layout_loops_cross, uniq_jessica
D:3:      layout_basic, fedhas_altar_2, uniq_natasha
D:4:      wad_crossroads, layout_basic, minmay_temple_entry_gardened_gates,
          minmay_misc_feat_four_crosses, uniq_grinder
D:5:      layout_layer_cave, serial_undead, serial_undead_a, serial_undead_e,
          serial_undead_a, serial_undead_a, serial_undead_a, serial_undead_f,
          serial_undead_d, grunt_ministairs_13, uniq_crazy_yiuf_cottage,
          uniq_ijyb
Temple:   eino_temple_lava

Notes
Turn   | Place    | Note
-------+----------+-------------------------------------------
     0 | D:1      | kae the Coglin Gladiator began the quest for the Orb.
     0 | D:1      | Reached XP level 1. HP: 16/16 MP: 1/1
     0 | D:1      | magus.rc [v1.11.3]
    93 | D:1      | Reached XP level 2. HP: 22/22 MP: 2/2
   238 | D:1      | Reached skill level 4 in Long Blades
   283 | D:1      | Reached XP level 3. HP: 22/27 MP: 3/3
   782 | D:2      | Noticed Jessica
   940 | D:1      | Killed Jessica
   941 | D:1      | Reached XP level 4. HP: 14/33 MP: 4/4
  1025 | D:1      | Reached skill level 5 in Long Blades
  1889 | D:3      | Noticed an ice beast
  1905 | D:3      | Killed an ice beast
  1906 | D:3      | Reached skill level 6 in Long Blades
  1906 | D:3      | Reached XP level 5. HP: 18/38 MP: 5/5
  2141 | D:3      | Found a blossoming altar of Fedhas.
  2495 | D:3      | Noticed Natasha
  2522 | D:3      | Reached XP level 6. HP: 25/44 MP: 6/6
  2529 | D:3      | HP: 9/44 [cerulean imp/+2 spear[Natasha] (5)]
  2531 | D:3      | Killed Natasha
  2623 | D:3      | Noticed Natasha
  2629 | D:3      | Killed Natasha
  2909 | D:4      | Reached skill level 7 in Long Blades
  2990 | D:4      | Found a staircase to the Ecumenical Temple.
  3057 | Temple   | Entered the Ecumenical Temple
  3070 | D:4      | Noticed Grinder
  3070 | D:4      | Paralysed by Grinder for 2 turns
  3077 | D:4      | Killed Grinder
  3078 | D:4      | Reached skill level 8 in Long Blades
  3078 | D:4      | Reached XP level 7. HP: 43/50 MP: 7/7
  3605 | D:4      | You pick up a book of the Hunter and begin reading...
  3605 | D:4      | You add the spells Sigil of Binding, Call Canine Familiar
                  | and Dimensional Bullseye to your library.
  3771 | D:5      | Entered Level 5 of the Dungeon
  3783 | D:5      | HP: 12/50 [centaur skeleton (2)]
  3784 | D:5      | HP: 3/50 [acid (4)]
  3784 | D:5      | Slain by a hound skeleton

Vanquished Creatures
  Grinder (D:4)
  An ice beast (D:3)
  An ogre (D:4)
  A bullfrog zombie (D:5)
  An orc priest (D:4)
  A hound (D:4)
  Jessica (D:1)
  An iguana (D:4)
  Natasha (twice) (D:3)
  6 gnolls
  2 adders (D:4)
  A dart slug (D:3)
  4 ribbon worms
  3 orcs (D:4)
  9 ball pythons
  7 bats
  9 endoplasms
  6 giant cockroaches
  4 goblins
  12 hobgoblins
  3 kobolds
  3 quokkas
  A frilled lizard (D:3)
  4 rats
84 creatures vanquished.

Table legend:
 A = Non-vault XP
 B = Vault XP
 C = Vault XP percentage of total XP
 D = Non-vault monster count
 E = Vault monster count
 F = Vault count percentage of total count
                 A         B        C        D         E       F
            +---------+---------+-------+---------+---------+-------
      Total |     634 |     391 |  38.1 |      76 |       8 |   9.5
            +---------+---------+-------+---------+---------+-------
        D:1 |      73 |      37 |  33.6 |      26 |       1 |   3.7
        D:2 |      43 |       0 |   0.0 |      14 |       0 |   0.0
        D:3 |     230 |      36 |  13.5 |      17 |       1 |   5.6
        D:4 |     288 |     274 |  48.8 |      19 |       5 |  20.8
        D:5 |       0 |      44 | 100.0 |       0 |       1 | 100.0
            +---------+---------+-------+---------+---------+-------

Skill      XL: |  1  2  3  4  5  6 |
---------------+-------------------+-----
Long Blades    | 4 6 8 |  8.8
Fighting       | |  2.0
Throwing       | |  1.7
Dodging        | |  2.6

Action                     |  1- 3 |  4- 6 |  7- 9 || total
---------------------------+-------+-------+-------++-------
  Melee: Long sword        |    66 |   325 |    37 ||   428
         Dagger            |    59 |   310 |    36 ||   405
    Use: Scroll            |     1 |    11 |     2 ||    14
         Potion            |       |     1 |       ||     1
   Stab: Sleeping          |     4 |     3 |     2 ||     9
         Distracted        |       |     1 |       ||     1
 Armour: Leather armour    |    49 |    43 |    32 ||   124
         Skin              |       |     3 |       ||     3
  Dodge: Dodged            |    45 |    65 |    35 ||   145

Illustrated notes

Table legend:
 A = Kills in this place as a percentage of kills in the entire game.
 B = Kills by you in this place as a percentage of kills by you in the entire game.
 C = Kills by friends in this place as a percentage of kills by friends in the entire game.
 D = Other kills in this place as a percentage of other kills in the entire game.
 E = Experience gained in this place as a percentage of experience gained in the entire game.
 F = Experience gained in this place divided by the number of levels of this place that you have seen.
                   A       B       C       D       E      F
               +-------+-------+-------+-------+-------+----------------------
         Total | 100.0 | 100.0 |   N/A |   N/A | 100.0 | 170.8
       Dungeon | 100.0 | 100.0 |   N/A |   N/A | 100.0 | 205.0
               +-------+-------+-------+-------+-------+----------------------

Table legend: (Time is in decaauts)
 A = Elapsed time spent in this place.
 B = Non-inter-level travel time spent in this place.
 C = Inter-level travel time spent in this place.
 D = Time resting spent in this place.
 E = Time spent auto-exploring this place.
 F = Levels seen in this place.
 G = Mean time per level.
                   A        B        C        D        E       F      G
               +--------+--------+--------+--------+--------+-----+--------+
         Total |   3774 |   3640 |    134 |    496 |   2379 |   6 |  629.0 |
       Dungeon |   3772 |   3640 |    132 |    496 |   2379 |   5 |  754.4 |
        Temple |      1 |      0 |      1 |      0 |      0 |   1 |    1.0 |
               +--------+--------+--------+--------+--------+-----+--------+

Top non-repeatable levels by time:
     D:3: 1148 daAuts
     D:1: 1004 daAuts
     D:4: 878 daAuts
     D:2: 728 daAuts
     D:5: 11 daAuts
  Temple: 1 daAuts
